 Dungeon Crawl Stone Soup version 0.20.1-1-g8b1a95d (webtiles) character file.

14 Itsformetoplayit the Sneak (level 2, 0/22 HPs)
             Began as a Naga Enchanter on Oct 18, 2017.
             Slain by a kobold (3 damage)
             ... on level 1 of the Dungeon.
             The game lasted 00:07:27 (360 turns).

Itsformetoplayit the Sneak (Naga Enchanter)          Turns: 360, Time: 00:07:28

Health: 0/22       AC:  1    Str: 10    XL:     2   Next: 45%
Magic:  5/5        EV: 10    Int: 15    God:
Gold:   31         SH:  0    Dex: 11    Spells: 4/5 levels left

rFire    . . .     SeeInvis +   a - +1 dagger
rCold    . . .     Gourm    .   (no shield)
rNeg     . . .     Faith    .   b - +0 robe
rPois    +         Spirit   .   (no helmet)
rElec    .         Reflect  .   (no cloak)
rCorr    .         Harm     .   (no gloves)
MR       .....                  (no barding)
Stlth    +++.......             e - amulet of magic regeneration
Regen    0.1/turn               (no ring)
MPRegen  0.2/turn               (no ring)

@: very slow
A: see invisible, deformed body, poison resistance, slowness 2, slow metabolism
1, spit poison 1, AC +0
a: Spit Poison


You were on level 1 of the Dungeon.
You were not hungry.

You visited 1 branch of the dungeon, and saw 1 of its levels.

You collected 31 gold pieces.

Inventory:

Hand Weapons
 a - a +1 dagger (weapon)
 g - a +0 whip
 h - a +0 club
 i - a +1 whip of flaming
 m - a +0 club
 o - a +0 club
 q - a +0 mace
 s - a +0 whip
Missiles
 f - 26 stones (quivered)
Armour
 b - a +0 robe (worn)
 l - a +0 robe
Jewellery
 e - an amulet of magic regeneration (around neck)
Scrolls
 n - a scroll of immolation {unknown}
 r - 2 scrolls of fear {unknown}
 t - a scroll of amnesia {unknown}
 u - 4 scrolls of identify {unknown}
Potions
 v - a potion of magic {unknown}
Books
 c - a book of Maledictions

   Spells                             Type                      Level
   a - Corona                         Hexes                        1
   b - Ensorcelled Hibernation        Hexes/Ice                    2
   c - Confuse                        Hexes                        3
   d - Tukima's Dance                 Hexes                        3
   e - Dazzling Spray                 Conjuration/Hexes            3
Comestibles
 d - a bread ration
 j - 4 chunks of flesh
 k - a meat ration
 p - a fruit


   Skills:
 + Level 1.1 Short Blades
 + Level 0.1 Throwing
 + Level 2.0 Dodging
 + Level 4.7 Stealth
 + Level 2.0 Spellcasting
 + Level 3.1 Hexes


You had 4 spell levels left.
You knew the following spells:

 Your Spells              Type           Power        Failure   Level  Hunger
a - Corona                Hex            ##.....      6%          1    #......


Dungeon Overview and Level Annotations

Branches:
Dungeon (1/15)

Altars:


Innate Abilities, Weirdness & Mutations

You cannot wear boots.
Your serpentine skin is tough. (AC +0)
You have supernaturally acute eyesight. (SInv)
Armour fits poorly on your strangely shaped body.
Your system is resistant to poisons. (rPois)
You cover ground very slowly.
You have a slow metabolism.
You can spit poison.


Message History

The jackal bites you. The jackal completely misses you.
You hit the jackal.
You kill the jackal!
You hit the jackal but do no damage. The jackal closely misses you.
You closely miss the jackal. The jackal bites you.
The jackal closely misses you.
You hit the jackal but do no damage. The jackal barely misses you.
You hit the jackal.
The jackal is heavily wounded.
The jackal barely misses you. The jackal bites you.
* * * LOW HITPOINT WARNING * * *
You hit the jackal.
The jackal is heavily wounded.
The jackal closely misses you.
You hit the jackal.
You kill the jackal!
You closely miss the kobold. The kobold hits you.
* * * LOW HITPOINT WARNING * * *
You miss the kobold. The kobold hits you.
You die...

#.##..# #...........# #....%#
#...........# #.#####.#
#.........^.# #. #.......#
#...........# #. ######..#
#...........# #.## #..#
#...........# .!# ###..#
#...........# #.##
#....####...........# ###..#
#....K@.'...........# #....##
#....####...........# #.....#
#....# #...........# #.....##
#....################## #......#
#...........#.......... #....#.#
#...........#..........
#....#.###...........#..........
#....#..##........รท..#..........
#....##.#####........'..........


You could see a kobold.

Vanquished Creatures
  A leopard gecko (D:1)
  A goblin (D:1)
  3 hobgoblins (D:1)
  2 jackals (D:1)
  2 kobolds (D:1)
  2 rats (D:1)
11 creatures vanquished.

Notes
Turn   | Place    | Note
-------+----------+-------------------------------------------
     0 | D:1      | Itsformetoplayit the Naga Enchanter began the quest for the Orb.
     0 | D:1      | Reached XP level 1. HP: 15/15 MP: 3/3
   208 | D:1      | Reached XP level 2. HP: 15/22 MP: 5/5
   360 | D:1      | Slain by a kobold

Skill      XL: |  1  2 |
---------------+-------+-----
Dodging        | 2 |  2.0
Short Blades   | |  1.1
Throwing       | |  0.1
Stealth        | |  4.7
Spellcasting   | |  2.0
Hexes          | |  3.1

Action                   || total
-------------------------++-------
Melee: Dagger            ||    27
Throw: Stone             ||    30
  Eat: Fruit             ||     1
Armor: Robe              ||     2
Dodge: Dodged            ||    14
